 Dungeon Crawl Stone Soup version 0.31.0-11-ge490571c62 (webtiles) character file.

Game seed: 9571205270749177309

54 qw the Shooter (level 3, -1/18 HPs)
             Began as a Spriggan Hunter on Feb 4, 2024.
             Slain by a goblin
             ... wielding a +0 club
             ... led by Robin
              (6 damage)
             ... on level 2 of the Dungeon.
             The game lasted 00:00:03 (1072 turns).

qw the Shooter (Spriggan Hunter)                    Turns: 1072, Time: 00:00:04

Health: -1/18      AC:  2    Str:  7    XL:     3   Next: 66%
Magic:  4/4        EV: 19    Int: 10    God:
Gold:   59         SH:  0    Dex: 20    Spells: 2/2 levels left

rFire   . . .        a - +0 shortbow
rCold   . . .        (shield currently unavailable)
rNeg    . . .        c - +0 robe
rPois   .            (helmet restricted)
rElec   .            (no cloak)
rCorr   .            (gloves unavailable)
SInv    +            (boots unavailable)
Will    .....        (no amulet)
Stlth   ++           (no ring)
HPRegen 0.23/turn    (no ring)
MPRegen 0.09/turn

%: no passive effects
@: very quick
A: very small, no large weapons, unfitting armour, see invisible, speed 3
a: no special abilities


You were on level 2 of the Dungeon.
You visited 1 branch of the dungeon, and saw 2 of its levels.

You collected 59 gold pieces.


Innate Abilities, Weirdness & Mutations

You are very small and have problems with some larger weapons.
You are too small for most types of armour.
You have supernaturally acute eyesight. (SInv)
You cover ground extremely quickly. (Speed+++)


   Skills:
 - Level 1.5 Fighting
 + Level 4.9 Ranged Weapons
 - Level 4.0 Dodging
 - Level 1.5 Stealth


You had 2 spell levels left.
You didn't know any spells.
Your spell library was empty.

Inventory:

Hand Weapons
 a - a +0 shortbow (weapon)
Armour
 c - a +0 robe (worn)
Scrolls
 d - a scroll of teleportation {unknown}
 e - a scroll of torment {unknown}
 g - 3 scrolls of identify
 i - a scroll of noise {unknown}
Potions
 b - a potion of cancellation {unknown}
 f - 2 potions of curing
 h - a potion of might {unknown}

Dungeon Overview and Level Annotations

Branches:
Dungeon (2/15)

Altars:
Nemelex Xobeh

Shops:
D:2 :

Annotations:
D:2 Robin


Message History

You kill the hobgoblin!
Robin throws the goblin at you! The goblin misses you.
You shoot an arrow. The arrow closely misses the goblin.
Robin says, "My goblins will feast on your bones."
Robin throws the goblin at you! The goblin closely misses you.
The goblin barely misses you. The goblin closely misses you.
The goblin completely misses you. The goblin closely misses you.
The goblin misses you.
You shoot an arrow. The arrow hits the goblin.
You kill the goblin!
The goblin barely misses you. The goblin misses you.
You shoot an arrow. The arrow hits the goblin!
You kill the goblin!
The goblin hits you with a +0 club.
You shoot an arrow. The arrow hits the hobgoblin.
The hobgoblin is almost dead.
The goblin misses you.
You shoot an arrow.
The arrow completely misses the hobgoblin.
Robin roars a battlecry!
The goblins go into a battle-frenzy!
The hobgoblin closely misses you. The hobgoblin hits you.
The goblin completely misses you.
You shoot an arrow. The arrow hits the hobgoblin.
You kill the hobgoblin!
The hobgoblin closely misses you. The goblin hits you but does no damage.
The hobgoblin barely misses you. The goblin misses you.
You shoot an arrow. The arrow hits the hobgoblin!
You kill the hobgoblin!
The goblin misses you.
You shoot an arrow. The arrow closely misses Robin.
The goblin hits you but does no damage. The hobgoblin hits you.
You shoot an arrow. The arrow hits Robin.
Robin is lightly wounded.
Robin says, "My army is invincible!"
The goblin misses you. The hobgoblin misses you.
You shoot an arrow. The arrow hits Robin.
Robin is heavily wounded.
The goblin hits you with a +0 club.
You die...

....##......# #...# #.'......
....##......##.%).#...# ###......
....###........)..#...#####......
....# #......^....#...........#..
....# #..........##..............
....# #..........##..............
....###..........##..............
......#........gg##..............
....#.#........g@##..............
....#.#........))##...........#..
....#............##...........#..
###..............##%..........##.
###....#.########.............###
.........########.#...........#
##.#.######...................###
#.#.# #......................
#.#.# #?........########.....


You could see Robin, a hobgoblin (strong) and a goblin (strong).

Vanquished Creatures
  2 adders (D:2)
  4 bats (D:1)
  2 endoplasms (D:1)
  2 giant cockroaches (D:1)
  6 goblins (D:2)
  6 hobgoblins
  2 kobolds
  2 ball pythons
  A frilled lizard (D:1)
  3 rats (D:1)
30 creatures vanquished.

Notes
Turn   | Place    | Note
-------+----------+-------------------------------------------
     0 | D:1      | qw the Spriggan Hunter began the quest for the Orb.
     0 | D:1      | Reached XP level 1. HP: 10/10 MP: 2/2
     0 | D:1      | 0 ||| qw: Version: 0.3-a-160-g6735b56
     0 | D:1      | 0 ||| qw: Game counter: 5332
     0 | D:1      | 0 ||| qw: Melee chars always use a shield: true
     0 | D:1      | 0 ||| qw: God list: Okawaru
     0 | D:1      | 0 ||| qw: Allow faded altars: false
     0 | D:1      | 0 ||| qw: Do Orc after clearing Dungeon:15 true
     0 | D:1      | 0 ||| qw: Do second Lair branch before Depths: true
     0 | D:1      | 0 ||| qw: Lair rune preference: random
     0 | D:1      | 0 ||| qw: Goals: Normal
     0 | D:1      | 0 ||| PLANNING D:1-11
    15 | D:1      | Reached skill level 3 in Dodging
    36 | D:1      | Found a faded altar of an unknown god.
   228 | D:1      | Reached XP level 2. HP: 14/14 MP: 3/3
   509 | D:1      | 509 ||| READING scroll labelled VYCEASY CERGH.
   510 | D:1      | 510 ||| READING scroll labelled MUVEX XOCRADO.
   511 | D:1      | 511 ||| READING 4 scrolls labelled PESUVENOMA.
   511 | D:1      | 511 ||| IDENTIFYING yellow potion
   512 | D:1      | 512 ||| READING 3 scrolls of identify.
   512 | D:1      | 512 ||| IDENTIFYING fuming red potion
   513 | D:1      | 513 ||| READING 2 scrolls of identify.
   513 | D:1      | 513 ||| IDENTIFYING 2 scrolls labelled NINU TEOMIOBB
   514 | D:1      | 514 ||| DROPPING scroll of butterflies.
   515 | D:1      | 515 ||| DROPPING 2 scrolls of revelation.
   516 | D:1      | 516 ||| DROPPING potion of degeneration.
   565 | D:2      | Reached XP level 3. HP: 18/18 MP: 4/4
   624 | D:2      | Found a sparkling altar of Nemelex Xobeh.
   688 | D:2      | Found Lezoki's Book Boutique.
  1058 | D:2      | Noticed Robin
  1070 | D:2      | HP: 4/18 [hobgoblin[Robin] (5)]
  1072 | D:2      | Slain by a goblin

Levels and vault maps discovered:
D:1:      minmay_arrival_up_and_down, layout_basic,
          hellmonk_ecumenical_altar_heavens_door
D:2:      layout_basic, serial_shops, shop, basic_altar, uniq_robin

Skill      XL: |  1  2 |
---------------+-------+-----
Dodging        | 3 4 |  4.0
Fighting       | |  1.5
Ranged Weapons | |  4.9
Stealth        | |  1.5

Action                     || total
---------------------------++-------
   Fire: Shortbow          ||    76
    Use: Scroll            ||     5
 Armour: Robe              ||    17
  Dodge: Dodged            ||    43

Table legend:
 A = Non-vault XP
 B = Vault XP
 C = Vault XP percentage of total XP
 D = Non-vault monster count
 E = Vault monster count
 F = Vault count percentage of total count
                 A         B        C        D         E       F
            +---------+---------+-------+---------+---------+-------
      Total |      61 |      17 |  21.8 |      21 |       9 |  30.0
            +---------+---------+-------+---------+---------+-------
        D:1 |      27 |       0 |   0.0 |      16 |       0 |   0.0
        D:2 |      34 |      17 |  33.3 |       5 |       9 |  64.3
            +---------+---------+-------+---------+---------+-------
